 Dungeon Crawl Stone Soup version 0.30.1 (webtiles) character file.

Game seed: 14353522623279273799

347 LustLizard the Digger (level 6, -2/35 HPs)
             Began as a Gargoyle Earth Elementalist on July 1, 2023.
             Killed from afar by Ijyb (6 damage)
             ... with a puff of flame
             ... on level 4 of the Dungeon.
             The game lasted 00:06:30 (2774 turns).

LustLizard the Digger (Gargoyle Earth Elementalist) Turns: 2774, Time: 00:06:31

Health: -2/35      AC:  7    Str: 12    XL:     6   Next: 59%
Magic:  1/10       EV: 11    Int: 17    God:
Gold:   297        SH:  0    Dex: 10    Spells: 6/10 levels left

rFire   . . .        p - +3 sling
rCold   . . .        (no shield)
rNeg    + . .        a - +0 robe
rPois   ∞            (no helmet)
rElec   +            w - +0 cloak
rCorr   .            (no gloves)
SInv    .            (no boots)
Will    .....        (no amulet)
Stlth   ++           (no ring)
HPRegen 0.25/turn    (no ring)
MPRegen 0.12/turn

%: no passive effects
@: no status effects
A: sickness immunity, AC +4, negative energy resistance 1, electricity
resistance, torment resistance 1, petrification resistance
a: no special abilities


You were on level 4 of the Dungeon.
You visited 1 branch of the dungeon, and saw 4 of its levels.
You also visited: Sewer.

You collected 297 gold pieces.

Inventory:

Hand Weapons
 c - a +0 whip
 p - a +3 sling (weapon)
Missiles
 f - 3 datura-tipped darts
 l - 4 atropa-tipped darts
 t - 8 poisoned darts
Armour
 a - a +0 robe (worn)
 w - a +0 cloak (worn)
 y - a +0 pair of boots
Jewellery
 u - a ring of ice
Scrolls
 d - 4 scrolls of immolation {unknown}
 j - a scroll of torment {unknown}
 k - a scroll of vulnerability {unknown}
 o - a scroll of noise {unknown}
 q - 4 scrolls of identify {unknown}
 r - a scroll of teleportation {unknown}
 s - a scroll of fear {unknown}
 v - a scroll of enchant weapon {unknown}
Potions
 b - a potion of magic
 e - 5 potions of curing {unknown}
 g - 2 potions of haste
 i - a potion of invisibility {unknown}
 m - a potion of mutation {unknown}
 n - 2 potions of lignification {unknown}
 x - a potion of ambrosia {unknown}


   Skills:
 + Level 2.2 Fighting
 - Level 1.5 Dodging
 + Level 3.5 Stealth
 + Level 2.8 Spellcasting
 * Level 2.8 Conjurations
 - Level 2.0 Transmutations
 * Level 5.4 Earth Magic


You had 6 spell levels left.
You knew the following spells:

 Your Spells              Type           Power      Damage    Failure   Level
a - Sandblast             Erth           40%        2d10      1%          1
b - Stone Arrow           Conj/Erth      32%        3d9       10%         3

Your spell library contained the following spells:

 Spells                   Type           Power      Damage    Failure   Level
 Magic Dart               Conj           48%        1d5       5%          1
 Passwall                 Tmut/Erth      12%        N/A       6%          2
 Call Imp                 Summ           4%         N/A       26%         2
 Mephitic Cloud           Conj/Pois/Air  5%         N/A       36%         3
 Petrify                  Tmut/Erth      15%        N/A       36%         4
 Lee's Rapid Deconstruct  Erth           10%        3d8*      47%         5
 Borgnjor's Vile Clutch   Necr/Erth      5%         N/A       85%         5
 Lehudib's Crystal Spear  Conj/Erth      8%         10d3      100%        8


Dungeon Overview and Level Annotations

Branches:
Dungeon (4/15)              Sewer (visited)
 Temple: D:4-7

Altars:
Zin

Annotations:
D:4 Ijyb


Innate Abilities, Weirdness & Mutations

You are immune to sickness and miasma.
Your stone body is resilient. (AC +4)
You are immune to poison.
You resist negative energy. (rN+)
You are resistant to electric shocks. (rElec)
You are resistant to unholy torment.
You are immune to petrification.


Message History

The spell is quite dangerous to miscast (10% risk of failure)!
Continue anyway?
Aiming: Stone Arrow (quite dangerous; 10% risk of failure)
Press: ? - help, Shift-Dir - straight line, f/p - Ijyb
Aim: Ijyb, wielding a +0 dagger, wearing a +2 ring mail of fire resistance and carrying a wand of flame (14) (heavily wounded, 64% to hit)
The stone arrow hits Ijyb but does no damage.
Ijyb is heavily wounded.
Ijyb hits you with a +0 dagger.
You don't have enough magic to cast this spell.
You don't have enough magic to cast this spell.
Unknown command.
You shoot a sling bullet. The sling bullet barely misses Ijyb.
Ijyb misses you.
You shoot a sling bullet. The sling bullet hits Ijyb.
Ijyb is heavily wounded.
Ijyb hits you with a +0 dagger.
You shoot a sling bullet. The sling bullet hits Ijyb!
Ijyb is severely wounded.
Ijyb hits you with a +0 dagger. Ijyb misses you.
You shoot a sling bullet. The sling bullet barely misses Ijyb.
Ijyb hits you but does no damage.
You shoot a sling bullet. The sling bullet barely misses Ijyb.
Ijyb closely misses you.
Ijyb zaps a wand.
The puff of flame hits you!
Aiming: Sandblast (safe; 1% risk of failure)
Press: ? - help, Q - select action, (/) - cycle Shift-Dir - straight line, f/p - Ijyb
Aim: Ijyb, wielding a +0 dagger, wearing a +2 ring mail of fire resistance and carrying a wand of flame (13) (severely wounded, 81% to hit)
The blast of sand hits Ijyb but does no damage.
Ijyb is severely wounded.
Ijyb zaps a wand.
The puff of flame hits you.
You shoot a sling bullet. The sling bullet closely misses Ijyb.
Ijyb hits you but does no damage. Ijyb misses you.
You shoot a sling bullet. The sling bullet closely misses Ijyb.
Ijyb hits you but does no damage.
You shoot a sling bullet. The sling bullet barely misses Ijyb.
Ijyb hits you with a +0 dagger.
You shoot a sling bullet.
The sling bullet hits Ijyb but does no damage.
Ijyb is severely wounded.
Ijyb zaps a wand.
The puff of flame hits you!
* * * LOW HITPOINT WARNING * * *
Ijyb zaps a wand.
The puff of flame hits you.
You die...

.^......## ./..
..)............
.........#....
.........#...
...........#
...!.......#
...........#
#.....g@...###
##.##........#
#.)#.#....#
....##......#
.!#.# ###....#
. #. ##....# .
#.....#### #
#.##.....# #.
#.###.#


You could see Ijyb.

Vanquished Creatures
  Pargi (Sewer)
  Jessica (D:3)
  2 orc wizards (D:3)
  Robin (D:2)
  7 adders
  4 dart slugs
  5 orcs (D:3)
  7 ball pythons
  5 endoplasms
  5 giant cockroaches
  7 hobgoblins
  10 kobolds
  4 quokkas
  12 bats
  11 frilled lizards
  13 goblins
  7 rats
102 creatures vanquished.

Notes
Turn   | Place    | Note
-------+----------+-------------------------------------------
     0 | D:1      | LustLizard the Gargoyle Earth Elementalist began the quest
                  | for the Orb.
     0 | D:1      | Reached XP level 1. HP: 10/10 MP: 3/3
   179 | D:1      | Reached XP level 2. HP: 16/16 MP: 1/5
   310 | D:1      | Reached skill level 1 in Transmutations
   311 | D:1      | Reached skill level 4 in Earth Magic
   351 | D:1      | Found a faded altar of an unknown god.
   912 | D:2      | Reached XP level 3. HP: 20/20 MP: 3/6
   917 | D:2      | Learned a level 3 spell: Stone Arrow
  1240 | D:2      | Noticed Robin
  1242 | D:2      | Reached skill level 1 in Fighting
  1251 | D:2      | Killed Robin
  1258 | D:2      | Reached XP level 4. HP: 10/25 MP: 0/7
  1391 | D:2      | Reached skill level 1 in Conjurations
  1626 | D:3      | Noticed Jessica
  1628 | D:3      | Reached XP level 5. HP: 30/30 MP: 6/8
  1638 | D:3      | Killed Jessica
  1765 | D:3      | Found a glowing drain.
  1783 | D:3      | Reached skill level 5 in Earth Magic
  1849 | Sewer    | Entered a sewer
  1907 | Sewer    | Noticed Pargi
  1912 | Sewer    | Killed Pargi
  1913 | Sewer    | Reached XP level 6. HP: 35/35 MP: 5/10
  2286 | D:3      | Got Ceuggebeug's Parchment of the Xenolith
  2442 | D:3      | Found a glowing silver altar of Zin.
  2747 | D:4      | Noticed Ijyb
  2774 | D:4      | Killed from afar by Ijyb

Illustrated notes

Levels and vault maps discovered:
D:1:      lightli_arrival_chessboard, layout_basic,
          hellmonk_ecumenical_altar_slurped_away
D:2:      layout_rooms, uniq_robin
D:3:      layout_loops_cross, zin_treasury, gup_sewer_entry_glass,
          serial_forest, infiniplex_forest_clump_double,
          infiniplex_forest_zigzag_1, infiniplex_forest_straight_2,
          infiniplex_forest_clump_double, infiniplex_forest_clump_double,
          infiniplex_forest_straight_2, infiniplex_forest_lined_room_,
          infiniplex_forest_clump_tiny, infiniplex_forest_clump_small,
          infiniplex_forest_side_room, grunt_ministairs_2, minmay_vboxes,
          uniq_jessica
D:4:      layout_rooms, nicolae_overflow_two_pavilions, serial_shops,
          shop_coins, minivault_11, uniq_ijyb, uniq_menkaure, uniq_natasha,
          uniq_sigmund

Skill      XL: |  1  2  3  4  5  6 |
---------------+-------------------+-----
Transmutations | 1 2 |  2.0
Earth Magic    | 4 5 |  5.4
Fighting       | 1 2 |  2.2
Conjurations   | 1 2 |  2.8
Stealth        | 3 |  3.5
Dodging        | |  1.5
Spellcasting   | |  2.8

Action                     |  1- 3 |  4- 6 || total
---------------------------+-------+-------++-------
  Melee: Unarmed           |     4 |       ||     4
   Fire: Sling             |    19 |   101 ||   120
   Cast: Sandblast         |    45 |    62 ||   107
         Stone Arrow       |       |     2 ||     2
    Use: Potion            |       |     1 ||     1
 Armour: Robe              |     7 |    49 ||    56
  Dodge: Dodged            |    34 |    63 ||    97
